 Dungeon Crawl Stone Soup version 0.18-a0-1572-g0a86841 (webtiles) character file.

302 Oddball22 the Changer (level 6, 0/39 HPs)
             Began as an Octopode Transmuter on Mar 15, 2016.
             Killed by divine providence
             ... invoked by an orc priest
              (13 damage)
             ... on level 4 of the Dungeon.
             The game lasted 00:13:25 (4310 turns).

Oddball22 the Changer (Octopode Transmuter)         Turns: 4310, Time: 00:13:25

Health: 0/39       AC:  2    Str: 10    XL:     6   Next: 37%
Magic:  10/10      EV: 20    Int: 16    God:
Gold:   228        SH:  0    Dex: 18    Spells: 4 memorised, 1 level left

rFire  x . .     SeeInvis .       - Unarmed
rCold  + . .     Gourm    .     (shield currently unavailable)
rNeg   + . .     Faith    .     (helmet currently unavailable)
rPois  x         Spirit   .     C - amulet of magic regeneration
rElec  .         Dismiss  .     d - ring of positive energy
rCorr  .         Reflect  .     q - ring of ice
SustAt .         Harm     .     y - ring of teleportation (curse)
MR     .....     Rnd*Tele +     (no ring)
Stlth  ++........               (no ring)
                                (no ring)
                                (no ring)
                                (no ring)

@: spider-form, not resistant to hostile enchantments, unstealthy
A: almost no armour, (amphibious), 8 rings, (constrict 8), (camouflage 0),
(gelatinous body 0)
a: End Transformation


You were on level 4 of the Dungeon.
You were hungry.
You were a venomous arachnid creature.
You visited 2 branches of the dungeon, and saw 5 of its levels.

You collected 228 gold pieces.

Inventory:

Hand Weapons
 f - a +0 hunting sling (melded)
Missiles
 a - 12 arrows
 g - 91 stones (quivered)
 m - 3 javelins
 o - 26 poisoned needles
 x - 4 exploding sling bullets
Armour
 e - a +0 hat (melded)
Jewellery
 d - a ring of positive energy (left front leg)
 q - a ring of ice (right front leg)
 y - a cursed ring of teleportation (on tentacle)
 C - an amulet of magic regeneration (around neck)
Scrolls
 h - 3 scrolls of remove curse {unknown}
 k - 3 scrolls of identify {unknown}
 l - a scroll of enchant weapon {unknown}
 s - a scroll of noise {unknown}
 t - 2 scrolls of fear {unknown}
 v - a scroll of immolation {unknown}
 w - a scroll of teleportation {unknown}
 B - a scroll of fog {unknown}
Potions
 n - a potion of flight
 r - a potion of agility {unknown}
 u - a potion of degeneration {unknown}
 z - a potion of curing {unknown}
Books
 b - a book of Changes

   Spells                             Type                      Level
   a - Beastly Appendage              Transmutation                1
   b - Sticks to Snakes               Transmutation                2
   c - Spider Form                    Transmutation/Poison         3
   d - Ice Form                       Ice/Transmutation            4
   e - Blade Hands                    Transmutation                5
Comestibles
 c - 7 bread rations
 i - 2 meat rations
 j - 3 beef jerkies
 p - a royal jelly


   Skills:
 - Level 2.1 Fighting
 - Level 2.4 Dodging
 - Level 3.0 Unarmed Combat
 - Level 3.0 Spellcasting
 * Level 4.5 Transmutations
 - Level 3.2 Poison Magic


You had one spell level left.
You knew the following spells:

 Your Spells              Type           Power        Failure   Level  Hunger
a - Beastly Appendage     Trmt           ###...       12%         1    #......
b - Sticks to Snakes      Trmt           ###.....     17%         2    ##.....
c - Spider Form           Trmt/Pois      ##........   28%         3    ###....
d - Ice Form              Ice/Trmt       ##......     89%         4    #####..


Dungeon Overview and Level Annotations

Branches:
Dungeon (4/15)             Temple (1/1) D:4

Altars:
Ashenzari
Cheibriados
Dithmenos
Elyvilon
Gozag
Kikubaaqudgha
Makhleb
Nemelex Xobeh
Okawaru
Pakellas
Qazlal
Ru
Trog
Vehumet
Xom
Yredelemnul
Zin
The Shining One

Shops:
D:4 (


Innate Abilities, Weirdness & Mutations

You cannot wear most types of armour.
((You are amphibious.))
You can wear up to eight rings at the same time.
((You can use your tentacles to constrict eight enemies at once.))
((Your skin changes colour to match your surroundings (Stealth).))
((Your rubbery body absorbs attacks (AC +1).))


Message History

You bite the adder!
The adder is poisoned.
The adder is almost dead.
The adder completely misses you.
Drink which item? (? for menu, Esc to quit)
Okay, then.
You hit the adder.
You kill the adder!
You hit the orc.
The orc is poisoned.
The orc is severely wounded.
The orc barely misses you.
You hit the orc.
You kill the orc!
You hit the orc.
The orc is severely wounded.
The orc closely misses you.
You barely miss the orc.
The orc is severely wounded.
The orc priest mumbles some strange prayers to Beogh against you.
Beogh smites you!
You die...

....... #.......
......(.(.
##......
......o...
#...... ...S...
###.... .$....
###.. #.(. #..
#.### ##.
##...### #.
#..#oos# #.
##..####..[#
########.
####..##
##...###.....###
#....##
#...#........
##...##
#..........
##....#
#..........
##.>#...#
##.........#
##..####.#
#.....%>....
#..## ##
##...........


You could see an orc priest and an orc.

Vanquished Creatures
  A scorpion (D:4)
  A howler monkey (D:4)
  An orc wizard (D:3)
  A worker ant (D:3)
  A hound skeleton (D:4)
  A howler monkey skeleton (D:4)
  5 adders
  2 oozes (D:1)
  A worm (D:2)
  A dart slug (D:1)
  3 giant geckos
  7 orcs
  5 giant cockroaches
  8 goblins
  9 hobgoblins
  2 jackals (D:1)
  6 kobolds
  A quokka (D:3)
  A ball python (D:1)
  12 bats
  9 giant newts
  5 rats
83 creatures vanquished.

Notes
Turn   | Place    | Note
--------------------------------------------------------------
     0 | D:1      | Oddball22 the Octopode Transmuter began the quest for the Orb.
     0 | D:1      | Reached XP level 1. HP: 13/13 MP: 3/3
   111 | D:1      | Reached XP level 2. HP: 16/18 MP: 3/5
   225 | D:1      | Learned a level 2 spell: Sticks to Snakes
   462 | D:1      | Reached XP level 3. HP: 12/24 MP: 4/6
  1287 | D:2      | Learned a level 3 spell: Spider Form
  1493 | D:2      | Found a glowing silver altar of Zin.
  1539 | D:2      | Found an opulent altar of Gozag.
  1910 | D:2      | Reached skill level 1 in Poison Magic
  2056 | D:2      | Reached XP level 4. HP: 29/29 MP: 7/7
  2775 | D:3      | Reached XP level 5. HP: 16/34 MP: 4/9
  3022 | D:3      | Found an oddly glowing altar of Pakellas.
  3635 | D:3      | Learned a level 4 spell: Ice Form
  3706 | D:4      | Reached skill level 3 in Transmutations
  3744 | D:4      | Found Pit Irphauz's Weapon Shoppe.
  3758 | D:4      | Reached XP level 6. HP: 39/39 MP: 6/10
  3811 | D:4      | Reached skill level 4 in Transmutations
  4113 | D:4      | Found a staircase to the Ecumenical Temple.
  4119 | Temple   | Entered the Ecumenical Temple
  4310 | D:4      | Killed from afar by an orc priest

Vault maps used:
D:1:      ncdulo_smallfort
D:2:      overflow_temple_1_default, zin_academy,
          hangedman_decor_clover_reticule
D:3:      first_bread, grunt_pakellas_mercury
D:4:      temple_green, serial_shops, nicolae_shop_trees
Temple:   lightli_temple_of_artemis

Skill      XL: |  1  2  3  4  5  6 |
---------------+-------------------+-----
Fighting       | 2 |  2.1
Poison Magic   | 1 2 3 |  3.2
Spellcasting   | 3 |  3.0
Transmutations | 3 4 |  4.5
Dodging        | |  2.4
Unarmed Combat | |  3.0

Action                   |  1- 3 |  4- 6 || total
-------------------------+-------+-------++-------
Melee: Unarmed           |    60 |    32 ||    92
       Hunting sling     |     3 |    43 ||    46
 Fire: Hunting sling     |    30 |   127 ||   157
Throw: Stone             |     8 |       ||     8
 Cast: Beastly Appendage |    10 |     6 ||    16
       Spider Form       |     2 |     5 ||     7
  Use: Potion            |       |     4 ||     4
 Stab: Sleeping          |     1 |       ||     1
  Eat: Chunk             |     4 |     7 ||    11
